 Dungeon Crawl Stone Soup version 0.31.0-11-ge490571c62 (webtiles) character file.

Game seed: 7056165537184090273

2030 qw the Skirmisher (level 9, -8/44 HPs)
             Began as a Spriggan Hunter on Feb 4, 2024.
             Was an Initiate of Okawaru.
             Killed from afar by a steam dragon (22 damage)
             ... with a ball of steam
             ... on level 7 of the Dungeon.
             The game lasted 00:00:22 (4808 turns).

qw the Skirmisher (Spriggan Hunter)                 Turns: 4808, Time: 00:00:23

Health: -8/44      AC:  4    Str: 13    XL:     9   Next: 3%
Magic:  10/10      EV: 25    Int: 10    God:    Okawaru [......]
Gold:   484        SH:  0    Dex: 23    Spells: 8/8 levels left

rFire   . . .        n - +1 orcbow
rCold   . . .        (shield currently unavailable)
rNeg    . . .        h - +1 troll leather armour {Pargi}
rPois   .            (helmet restricted)
rElec   .            (no cloak)
rCorr   +            (gloves unavailable)
SInv    +            (boots unavailable)
Will    +....        (no amulet)
Stlth   ++           g - +6 ring of strength
HPRegen 1.07/turn    a - ring of resist corrosion
MPRegen 0.12/turn

%: no passive effects
@: lethally poisoned (-8 -> -9), very quick
A: very small, no large weapons, unfitting armour, see invisible, speed 3
a: Renounce Religion


You were on level 7 of the Dungeon.
You worshipped Okawaru.
Okawaru was noncommittal.
You visited 2 branches of the dungeon, and saw 8 of its levels.
You also visited: Sewer.

You collected 484 gold pieces.


Innate Abilities, Weirdness & Mutations

You are very small and have problems with some larger weapons.
You are too small for most types of armour.
You have supernaturally acute eyesight. (SInv)
You cover ground extremely quickly. (Speed+++)


   Skills:
 - Level 3.0 Fighting
 - Level 10.0 Ranged Weapons
 + Level 9.4 Dodging
 - Level 1.5 Stealth


You had 8 spell levels left.
You didn't know any spells.
Your spell library was empty.

Inventory:

Hand Weapons
 n - a +1 orcbow (weapon)
Armour
 h - a +1 troll leather armour (worn) {Pargi}
Jewellery
 a - a ring of resist corrosion (right hand)
 g - a +6 ring of strength (left hand)
Wands
 e - a wand of acid (8)
 i - a wand of mindburst (10)
Scrolls
 d - 6 scrolls of teleportation
 j - a scroll of revelation {unknown}
Potions
 b - 4 potions of curing
 c - a potion of heal wounds
 f - a potion of might
 k - a potion of magic {unknown}
 m - a potion of attraction {unknown}

Dungeon Overview and Level Annotations

Branches:
Dungeon (7/15)             Temple (1/1) D:6           Sewer (visited)

Altars:
Ashenzari
Cheibriados
Elyvilon
Fedhas
Gozag
Hepliaklqana
Kikubaaqudgha
Makhleb
Nemelex Xobeh
Okawaru
Qazlal
Sif Muna
Uskayaw
Vehumet
Wu Jian
Xom
Zin
The Shining One


Message History

The arrow closely misses the killer bee.
You feel very sick.
The killer bee misses you. x3; The killer bee closely misses you.
4801 ||| RETREEEEATING.
You feel sick.
The killer bee attacks as it pursues you!
The killer bee completely misses you.
4802 ||| RETREEEEATING.
You feel sick.
You shoot an arrow. The arrow hits the killer bee!
The killer bee is severely wounded.
You feel sick. The killer bee misses you. x2
The killer bee closely misses you.
The killer bee stings you but does no damage.
You shoot an arrow.
The arrow closely misses the killer bee.
The arrow hits the orc.
The orc is severely wounded.
You feel sick.
The killer bee stings you. x2; The killer bee misses you.
The killer bee stings you but does no damage.
You shoot an arrow. The arrow hits the killer bee!
You kill the killer bee!
Okawaru accepts your kill.
You feel sick. The killer bee closely misses you. x2
You shoot an arrow. The arrow hits the orc!!
You kill the orc!
Okawaru accepts your kill.
You feel sick.
The killer bee stings you but does no damage.
The killer bee barely misses you.
You shoot an arrow. The arrow misses the killer bee.
You feel sick. The killer bee closely misses you.
The killer bee completely misses you.
You shoot an arrow. The arrow hits the killer bee!
The killer bee is severely wounded.
You feel sick. The killer bee closely misses you. x2
The steam dragon breathes steam at you. The ball of steam hits you!!
Ouch! That really hurt!
You die...

#.# #.# #..###.##.#.#
#.#####.## ##..#......#.#
#.#......###.......####.#
#.#.####...<.#.#...####.#
#.#.####.###.#.#........#
#.....##.#.......%#######
###.#.##.#.#.####.#
#.#......#y####.#
#.........ยค@....#
#######..D####### #.%.#
#...# #...# #...# #...#
.....D. ..........


You could see a steam dragon (catching breath) and a killer bee.

Vanquished Creatures
  Sigmund (D:3)
  A steam dragon (D:6)
  Pargi (Sewer)
  A black bear (D:5)
  2 ice beasts (D:5)
  A sky beast (D:6)
  A centaur (D:4)
  2 brain worms (Sewer)
  2 scorpions
  2 killer bees (D:7)
  A howler monkey (D:7)
  3 bombardier beetles
  8 hounds
  An orc priest (D:6)
  2 jellies
  4 iguanas
  Ijyb (D:3)
  2 orc wizards
  Terence (D:3)
  A river rat (D:4)
  9 adders
  A shadow imp (D:6)
  2 ufetubi (D:5)
  A dart slug (D:1)
  3 ribbon worms
  14 orcs
  10 endoplasms
  7 giant cockroaches
  6 goblins
  6 hobgoblins
  6 jackals (D:4)
  7 kobolds
  4 quokkas
  4 ball pythons
  4 bats
  8 frilled lizards
  9 rats
139 creatures vanquished.

Vanquished Creatures (others)
  A jackal (D:4)
1 creature vanquished.

Grand Total: 140 creatures vanquished

Notes
Turn   | Place    | Note
-------+----------+-------------------------------------------
     0 | D:1      | qw the Spriggan Hunter began the quest for the Orb.
     0 | D:1      | Reached XP level 1. HP: 10/10 MP: 2/2
     0 | D:1      | 0 ||| qw: Version: 0.3-a-160-g6735b56
     0 | D:1      | 0 ||| qw: Game counter: 4876
     0 | D:1      | 0 ||| qw: Melee chars always use a shield: true
     0 | D:1      | 0 ||| qw: God list: Okawaru
     0 | D:1      | 0 ||| qw: Allow faded altars: false
     0 | D:1      | 0 ||| qw: Do Orc after clearing Dungeon:15 true
     0 | D:1      | 0 ||| qw: Do second Lair branch before Depths: true
     0 | D:1      | 0 ||| qw: Lair rune preference: random
     0 | D:1      | 0 ||| qw: Goals: Normal
     0 | D:1      | 0 ||| PLANNING D:1-11
    20 | D:1      | Reached skill level 3 in Dodging
    51 | D:1      | Reached XP level 2. HP: 13/14 MP: 3/3
   387 | D:1      | Found a faded altar of an unknown god.
   507 | D:1      | Reached XP level 3. HP: 18/18 MP: 4/4
   637 | D:1      | 637 ||| UPGRADING to +6 ring of strength.
   638 | D:1      | 638 ||| READING scroll labelled DOMYLAIGEP.
   639 | D:1      | 639 ||| READING scroll labelled MYMMET YPPOUWA.
   639 | D:1      | 639 ||| BRANDING +0 shortbow.
   640 | D:1      | 640 ||| DROPPING scroll of butterflies.
  1233 | D:2      | Reached skill level 5 in Ranged Weapons
  1474 | D:2      | 1474 ||| READING scroll labelled NIHUMO EZYA.
  1475 | D:2      | 1475 ||| READING 3 scrolls labelled AKHLANN ELUDWYV.
  1479 | D:2      | 1479 ||| READING scroll labelled MOUSHE BERGH.
  1480 | D:2      | 1480 ||| READING scroll labelled HOINTO CEH WADIPS.
  1480 | D:2      | 1480 ||| IDENTIFYING emerald potion
  1526 | D:3      | Noticed Sigmund
  1532 | D:3      | Killed Sigmund
  1533 | D:3      | Reached skill level 6 in Dodging
  1533 | D:3      | Reached XP level 4. HP: 7/22 MP: 5/5
  1533 | D:3      | Reached XP level 5. HP: 8/25 MP: 6/6
  1618 | D:3      | Found a shimmering blue altar of Sif Muna.
  1629 | D:3      | Noticed Ijyb
  1632 | D:3      | Killed Ijyb
  1674 | D:3      | Identified the +9 whip "Oveuterph" {vamp, *Slow rF+ Str+2
                  | Int+3}
  1682 | D:3      | Noticed Terence
  1687 | D:3      | Killed Terence
  1718 | D:3      | Reached XP level 6. HP: 30/30 MP: 7/7
  1729 | D:3      | Found a burning altar of Makhleb.
  1733 | D:3      | Found a glowing silver altar of Zin.
  1733 | D:3      | Noticed an angel
  1734 | D:3      | Noticed a green death
  1796 | D:3      | Found an ornate altar of the Wu Jian Council.
  1869 | D:3      | Found an ancient bone altar of Kikubaaqudgha.
  2016 | D:3      | 2016 ||| READING scroll labelled TIQAIN MAOTATAHEEF.
  2016 | D:3      | 2016 ||| ENCHANTING +0 shortbow of chaos.
  2022 | D:4      | 2022 ||| PLANNING SEWER
  2399 | D:4      | Found a glowing drain.
  2400 | D:4      | 2400 ||| DROPPING ring of wizardry.
  2401 | D:4      | 2401 ||| READING scroll of identify.
  2401 | D:4      | 2401 ||| IDENTIFYING dark potion
  2402 | D:4      | 2402 ||| READING scroll labelled FEFIPSEEGAFF.
  2446 | Sewer    | Entered a sewer
  2476 | Sewer    | Reached skill level 6 in Ranged Weapons
  2496 | Sewer    | Noticed Pargi
  2497 | Sewer    | 2497 ||| ZAPPING wand of mindburst (13) at -1,4 (Pargi;
                  | floor).
  2498 | Sewer    | 2498 ||| ZAPPING wand of mindburst (12) at -1,3 (Pargi;
                  | shallow_water).
  2499 | Sewer    | 2499 ||| ZAPPING wand of mindburst (11) at -1,2 (Pargi;
                  | shallow_water).
  2499 | Sewer    | Killed Pargi
  2500 | Sewer    | Reached skill level 7 in Ranged Weapons
  2500 | Sewer    | Reached XP level 7. HP: 35/35 MP: 8/8
  2513 | Sewer    | 2513 ||| READING 3 scrolls of brand weapon.
  2513 | Sewer    | 2513 ||| BRANDING +1 shortbow of chaos.
  2514 | Sewer    | 2514 ||| READING 2 scrolls of brand weapon.
  2514 | Sewer    | 2514 ||| BRANDING +1 shortbow of draining.
  2515 | Sewer    | 2515 ||| READING scroll of brand weapon.
  2515 | Sewer    | 2515 ||| BRANDING +1 shortbow of chaos.
  2518 | Sewer    | 2518 ||| READING scroll of brand weapon.
  2518 | Sewer    | 2518 ||| BRANDING +1 shortbow of freezing.
  2603 | Sewer    | 2603 ||| UPGRADING to +0 troll leather armour {Pargi}.
  2613 | Sewer    | 2613 ||| DROPPING +0 robe.
  2633 | D:4      | 2633 ||| PLANNING D:1-11
  3105 | D:4      | 3105 ||| SWAPPING to +0 orcbow.
  3108 | D:4      | Reached skill level 8 in Ranged Weapons
  3108 | D:4      | 3108 ||| DROPPING +1 shortbow of draining.
  3156 | D:4      | 3156 ||| READING scroll labelled RAGEGR JOYSHRE.
  3156 | D:4      | 3156 ||| ENCHANTING +0 troll leather armour {Pargi}.
  3169 | D:5      | Entered Level 5 of the Dungeon
  3216 | D:5      | Found a glowing golden altar of the Shining One.
  3233 | D:5      | Reached skill level 3 in Fighting
  3352 | D:5      | Reached XP level 8. HP: 30/40 MP: 9/9
  3828 | D:5      | Reached skill level 9 in Ranged Weapons
  3840 | D:5      | 3840 ||| READING 2 scrolls of identify.
  3840 | D:5      | 3840 ||| IDENTIFYING grey potion
  3841 | D:5      | 3841 ||| READING scroll of identify.
  3841 | D:5      | 3841 ||| IDENTIFYING fuming amethyst potion
  3842 | D:5      | 3842 ||| DROPPING potion of invisibility.
  3944 | D:6      | Reached skill level 9 in Dodging
  4096 | D:6      | Found a blossoming altar of Fedhas.
  4408 | D:6      | Found a staircase to the Ecumenical Temple.
  4409 | D:6      | 4409 ||| PLANNING TEMPLE
  4409 | D:6      | 4409 ||| UPGRADING to ring of resist corrosion.
  4416 | Temple   | Entered the Ecumenical Temple
  4417 | Temple   | 4417 ||| PLANNING OKAWARU WORSHIP
  4429 | Temple   | Became a worshipper of Warmaster Okawaru
  4430 | Temple   | 4430 ||| PLANNING D:1-11
  4622 | D:7      | 4622 ||| READING scroll of enchant weapon.
  4622 | D:7      | 4622 ||| ENCHANTING +0 orcbow.
  4787 | D:7      | Reached skill level 10 in Ranged Weapons
  4793 | D:7      | Reached XP level 9. HP: 42/44 MP: 10/10
  4795 | D:7      | 4795 ||| RETREEEEATING.
  4797 | D:7      | 4797 ||| RETREEEEATING.
  4798 | D:7      | 4798 ||| RETREEEEATING.
  4799 | D:7      | 4799 ||| RETREEEEATING.
  4801 | D:7      | 4801 ||| RETREEEEATING.
  4802 | D:7      | 4802 ||| RETREEEEATING.
  4808 | D:7      | Killed from afar by a steam dragon

Levels and vault maps discovered:
D:1:      co_arrival_hall_of_pillars, layout_loops_ring,
          dilly_ecumenical_altar_fadedgnrine
D:2:      layout_loops_corners
D:3:      layout_rooms, old_standard_altar,
          grunt_temple_overflow_order_and_chaos_2,
          nicolae_sif_muna_little_library, mainiacjoe_overflow_six_doors_small,
          uniq_terence, uniq_crazy_yiuf_cottage, uniq_ijyb, uniq_sigmund
D:4:      layout_basic, portal_sewer_entry_c, minmay_fractal_squares_diagonal_5
D:5:      layout_basic, tso_metal_star
D:6:      layout_gridville, fedhas_altar_3, minmay_temple_entry_enclosed_plants
D:7:      layout_loops_cross, lemuel_tele_altar, yredelemnul_altar_generic
Temple:   nicolae_temple_ecumenical_triangle

Skill      XL: |  1  2  3  4  5  6  7  8 |
---------------+-------------------------+-----
Dodging        | 3 4 6 7 9 |  9.4
Ranged Weapons | 5 7 8 10 | 10.0
Fighting       | 2 3 |  3.0
Stealth        | |  1.5

Action                     |  1- 3 |  4- 6 |  7- 9 || total
---------------------------+-------+-------+-------++-------
   Fire: Shortbow          |   101 |    91 |    38 ||   230
         Orcbow            |       |       |   178 ||   178
  Evoke: Wand              |       |     3 |       ||     3
    Use: Scroll            |     6 |     3 |     8 ||    17
 Armour: Robe              |     4 |     8 |       ||    12
         Troll leather arm |       |       |    33 ||    33
  Dodge: Dodged            |    15 |    41 |   115 ||   171

Table legend:
 A = Non-vault XP
 B = Vault XP
 C = Vault XP percentage of total XP
 D = Non-vault monster count
 E = Vault monster count
 F = Vault count percentage of total count
                 A         B        C        D         E       F
            +---------+---------+-------+---------+---------+-------
      Total |    2128 |     773 |  26.6 |     109 |      29 |  21.0
            +---------+---------+-------+---------+---------+-------
        D:1 |      44 |       0 |   0.0 |      25 |       0 |   0.0
        D:2 |      52 |       0 |   0.0 |      17 |       0 |   0.0
        D:3 |      51 |     278 |  84.5 |       8 |       3 |  27.3
        D:4 |     312 |     148 |  32.2 |      18 |      15 |  45.5
        D:5 |     719 |       0 |   0.0 |      21 |       0 |   0.0
        D:6 |     694 |       0 |   0.0 |      14 |       0 |   0.0
        D:7 |     256 |       0 |   0.0 |       6 |       0 |   0.0
      Sewer |       0 |     347 | 100.0 |       0 |      11 | 100.0
            +---------+---------+-------+---------+---------+-------
